 Dungeon Crawl Stone Soup version 0.30-b1-2-g02819fbbbe (webtiles) character file.

Game seed: 12647963762781344782

187 Flugkiller the Trooper (level 5, -2/34 HPs)
             Began as a Gargoyle Fighter on May 13, 2023.
             Slain by an iguana (10 damage)
             ... on level 3 of the Dungeon.
             The game lasted 00:01:11 (1499 turns).

Flugkiller the Trooper (Gargoyle Fighter)           Turns: 1499, Time: 00:01:11

Health: -2/34      AC: 12    Str: 21    XL:     5   Next: 66%
Magic:  5/5        EV: 10    Int: 11    God:
Gold:   147        SH:  9    Dex:  9    Spells: 4/4 levels left

rFire   . . .        a - +0 war axe
rCold   . . .        c - +0 buckler
rNeg    + . .        l - +3 leather armour of Qeir Doa {Int+2 Stlth+}
rPois   ∞            (no helmet)
rElec   +            m - +0 cloak
rCorr   .            (no gloves)
SInv    .            r - +0 pair of boots
Will    .....        q - amulet of reflection
Stlth   ++           (no ring)
HPRegen 0.25/turn    (no ring)
MPRegen 0.09/turn

%: reflection
@: no status effects
A: sickness immunity, AC +4, negative energy resistance 1, electricity
resistance, torment resistance 1, petrification resistance
a: no special abilities


You were on level 3 of the Dungeon.
You visited 1 branch of the dungeon, and saw 3 of its levels.

You collected 147 gold pieces.

Inventory:

Hand Weapons
 a - a +0 war axe (weapon)
Armour
 b - a +0 scale mail
 c - a +0 buckler (worn)
 l - the +3 leather armour of Qeir Doa (worn) {Int+2 Stlth+}
   (You found it on level 2 of the Dungeon)

   Int:       It affects your intelligence (+2).
   Stlth:     It makes you more stealthy.
 m - a +0 cloak (worn)
   (You found it on level 2 of the Dungeon)
 r - a +0 pair of boots (worn)
   (You found it on level 3 of the Dungeon)
Jewellery
 q - an amulet of reflection (around neck)
   (You found it on level 3 of the Dungeon)
Wands
 n - a wand of roots (6)
   (You found it on level 2 of the Dungeon)
Scrolls
 e - a scroll of teleportation {unknown}
 f - 2 scrolls of enchant weapon {unknown}
 h - 3 scrolls of immolation {unknown}
 i - 3 scrolls of identify {unknown}
 j - a scroll of enchant armour {unknown}
Potions
 d - a potion of might
 g - 2 potions of heal wounds {unknown}
 k - a potion of curing {unknown}
 o - a potion of lignification {unknown}
 p - 2 potions of degeneration {unknown}


   Skills:
 * Level 4.7 Fighting
 * Level 3.3 Axes
 + Level 4.0 Armour
 + Level 4.0 Shields


You had 4 spell levels left.
You didn't know any spells.
Your spell library contained the following spells:

 Spells                   Type           Power      Damage    Failure   Level
 Call Canine Familiar     Summ           0%         N/A       83%         3
 Portal Projectile        Hex/Tloc       0%         N/A       83%         3
 Leda's Liquefaction      Hex/Erth       0%         N/A       99%         4


Dungeon Overview and Level Annotations

Branches:
Dungeon (3/15) Zot: 16427

Altars:


Innate Abilities, Weirdness & Mutations

You are immune to sickness and miasma.
Your stone body is resilient. (AC +4)
You are immune to poison.
You resist negative energy. (rN+)
You are resistant to electric shocks. (rElec)
You are resistant to unholy torment.
You are immune to petrification.


Message History

Things that are here:
a +0 dagger; 3 poisoned darts; a kobold corpse No target in view!
Found a stone staircase leading down.
i - 3 scrolls labelled FOUCUL SIRULI (gained 1)
A scorpion comes into view.
A scorpion is nearby!
You slash the scorpion!
The scorpion is heavily wounded.
You block the scorpion's attack. The scorpion stings you.
You slash the scorpion!
The scorpion is almost dead.
The scorpion stings you but does no damage. x2
You slash the scorpion!
You kill the scorpion!
Your Axes skill increases to level 3!
Your Armour skill increases to level 4!
You have reached level 5!
As you open the door, it creaks loudly! 3 orcs and an orc wizard come into view.
The orc shouts! x2; The orc wizard shouts!
An iguana comes into view.
The orc wizard moves out of view.
There are monsters nearby!
There are monsters nearby!
No reachable target in view!
The orc wizard gestures at you while chanting.
You are confused.
You are too confused!
You are too confused!
You miss the orc wizard. The orc wizard casts a spell at you.
You resist with some effort.
You are too confused!
You bump into the rock wall.
The orc barely misses you.
You are too confused!
You're too confused to move!
The orc misses you.
You are too confused!
You miss the orc. The orc misses you.
You are too confused!
You completely miss the orc.
You feel less confused. You block the orc's attack.
You slash the orc!
You kill the orc!
You block the orc wizard's attack.
You hit the orc wizard.
The orc wizard is moderately wounded.
The orc wizard barely misses you.
You slash the orc wizard!
The orc wizard is severely wounded.
You block the orc wizard's attack. The orc wizard misses you.
You slash the orc wizard!
You kill the orc wizard!
Your Shields skill increases to level 4!
You hit the orc.
The orc is almost dead.
The orc hits you but does no damage.
You slash the orc!
You kill the orc!
The iguana bites you.
You hit the iguana.
The iguana is moderately wounded.
You block the iguana's attack.
You barely miss the iguana.
The iguana is moderately wounded.
The iguana bites you but does no damage.
You hit the iguana.
The iguana is heavily wounded.
You block the iguana's attack. x2
You closely miss the iguana.
The iguana is heavily wounded.
The iguana closely misses you.
You closely miss the iguana.
The iguana is heavily wounded.
The iguana barely misses you. The iguana bites you.
You barely miss the iguana.
The iguana is heavily wounded.
You block the iguana's attack.
You completely miss the iguana.
The iguana is heavily wounded.
The iguana bites you.
You barely miss the iguana.
The iguana is heavily wounded.
The iguana barely misses you.
The iguana bites you but does no damage.
You closely miss the iguana.
The iguana is heavily wounded.
The iguana barely misses you.
You hit the iguana but do no damage.
The iguana is heavily wounded.
The iguana bites you! x2
* * * LOW HITPOINT WARNING * * *
You hit the iguana but do no damage.
The iguana is heavily wounded.
You block the iguana's attack.
You are too injured to fight recklessly!
You barely miss the iguana.
The iguana is heavily wounded.
The iguana bites you!
You die...

# #.##.#.#
#.##.#..
#....... ##
###..##. l..
#####..##.
.#.o
#.........
.#..#
#.###.###.
.#..#.#####
#.# #.###.
#ol@.### #.#
#.....
.#..#.###...##
#.# #####.
.#..#
###..###.#
###. .#..
##..##.# #...
... ##....#
#... ## #.#..#
#... #...##
#... ......
#... #.##.##.
####


You could see an iguana and an orc.

Vanquished Creatures
  A scorpion (D:3)
  Terence (D:3)
  An orc wizard (D:3)
  A worm (D:2)
  3 dart slugs
  2 orcs (D:3)
  7 endoplasms
  3 giant cockroaches
  4 goblins
  11 hobgoblins
  2 jackals (D:2)
  2 quokkas
  3 ball pythons (D:1)
  5 bats
  A frilled lizard (D:2)
  4 kobolds
  7 rats
58 creatures vanquished.

Notes
Turn   | Place    | Note
-------+----------+-------------------------------------------
     0 | D:1      | Flugkiller the Gargoyle Fighter began the quest for the
                  | Orb.
     0 | D:1      | Reached XP level 1. HP: 14/14 MP: 1/1
   111 | D:1      | Reached XP level 2. HP: 19/19 MP: 2/2
   313 | D:1      | Reached XP level 3. HP: 24/24 MP: 3/3
   746 | D:2      | Identified the +3 leather armour of Qeir Doa {Int+2 Stlth+}
   877 | D:2      | Reached XP level 4. HP: 29/29 MP: 4/4
  1285 | D:3      | Noticed Terence
  1295 | D:3      | Killed Terence
  1435 | D:3      | Noticed a scorpion
  1440 | D:3      | Killed a scorpion
  1441 | D:3      | Reached XP level 5. HP: 29/34 MP: 5/5
  1499 | D:3      | Slain by an iguana

Illustrated notes

Levels and vault maps discovered:
D:1:      scummos_arrival_simple_crosswalls, layout_rooms
D:2:      layout_basic
D:3:      layout_loops_cross, shapermc_ecumenical_altar_notcrosses,
          corexii_corridor_pit, uniq_terence

Skill      XL: |  1  2  3  4  5 |
---------------+----------------+-----
Axes           | 2 3 |  3.3
Fighting       | 4 |  4.7
Armour         | 4 |  4.0
Shields        | 4 |  4.0

Action                     |  1- 3 |  4- 6 || total
---------------------------+-------+-------++-------
  Melee: War axe           |   125 |    50 ||   175
   Stab: Sleeping          |       |     3 ||     3
 Armour: Scale mail        |    73 |       ||    73
         Leather armour    |     3 |    11 ||    14
  Dodge: Dodged            |    63 |    20 ||    83
  Block: Buckler           |    21 |    19 ||    40
